Map: Frozen Temple

Players

ByuN - Winner!

  • Race: Terran Terran

Dear

  • Race: Protoss Protoss

Event: 2016 WCS Global Finals

VOD

https://youtu.be/GCkjMmQX_ks

Description

Time

  • Played on: Oct. 30, 2016, 1:46 p.m.
  • Length: 11:36

All games in this series

Show
View Real Time Build Order
Export as new Build Order

ByuN Terran - Winner!

Build Orders: Cyclone Opening, MMM Bio 

Get SALT Encoding   

  12  0:01  SCV  
  13  0:13  SCV  
  14  0:18  Supply Depot  
  14  0:25  SCV  
  15  0:40  Barracks  
  15  0:43  Refinery  
  15  0:47  SCV  
  16  0:54  Refinery  
  16  0:59  SCV  
  17  1:11  SCV  
  18  1:26  Reaper  
  18  1:27  Orbital Command  
  19  1:34  Bunker  
  19  1:45  Factory  
  19  1:52  SCV  
  20  1:58  Marine  
  21  2:01  Supply Depot  
  21  2:04  SCV  
  22  2:16  SCV  
  22  2:22  Marine  
  23  2:28  SCV  
  25  2:30  Factory Tech Lab  
  25  2:36  Starport  
  25  2:40  Marine  
  26  2:44  SCV  
  26  2:50  Cyclone  
  26  2:51  Mag-Field Accelerator  
  31  2:57  Supply Depot  
  31  3:02  SCV  
  32  3:16  Liberator  
  32  3:18  SCV  
  36  3:22  Cyclone  
  37  3:28  Marine  
  37  3:30  SCV  
  42  3:42  SCV  
  42  3:54  SCV  
  38  4:03  Cyclone  
  42  4:10  Liberator  
  42  4:16  Command Center  
  44  4:31  SCV  
  45  4:41  Cyclone  
  45  4:45  Barracks  
  45  4:47  Barracks  
  45  4:50  Supply Depot  
  45  4:52  SCV  
  46  5:04  SCV  
  47  5:13  Siege Tank  
  50  5:16  Viking  
  50  5:18  SCV  
  53  5:33  Orbital Command, SCV  
  54  5:36  Barracks Tech Lab  
  54  5:37  Barracks Reactor  
  54  5:45  SCV  
  55  5:57  Refinery, SCV  
  55  5:59  Engineering Bay, SCV  
  55  6:00  Barracks  
  55  6:03  Marine  
  58  6:08  Stimpack  
  58  6:10  SCV  
  58  6:11  SCV  
  60  6:17  Supply Depot  
  60  6:18  Starport Reactor  
  60  6:22  SCV  
  60  6:23  SCV  
  60  6:25  Marine x2  
  61  6:26  Marine  
  62  6:34  Siege Tank  
  62  6:38  SCV x2  
  67  6:50  SCV x2  
  67  6:51  Marine x2  
  67  6:52  Marine, Barracks Tech Lab  
  72  6:55  Terran Infantry Weapons Level 1  
  72  6:57  Supply Depot  
  72  7:02  SCV x2  
  72  7:03  Missile Turret  
  74  7:08  Marine  
  74  7:09  Marine  
  77  7:16  Combat Shields  
  77  7:19  Marauder x2  
  80  7:23  Medivac, Supply Depot  
  80  7:26  Marine  
  80  7:28  Medivac  
  80  7:29  Supply Depot  
  82  7:33  Supply Depot  
  82  7:42  Marine  
  83  7:44  Marauder  
  83  7:45  Marauder, Marine  
  88  7:54  Missile Turret  
  88  7:55  Siege Tank  
  88  7:57  SCV x2, Supply Depot  
  93  8:03  Marine  
  93  8:05  Marine  
  95  8:06  Marauder x2  
  95  8:09  Concussive Shells  
  93  8:21  Marine  
  93  8:23  Marine  
  95  8:27  Marauder x2  
  99  8:39  Marine  
  99  8:41  Marine  
  101  8:48  Marauder  
  101  8:49  Marauder, Command Center  
  105  8:57  Barracks  
  105  9:00  Barracks, Siege Tank  
  108  9:03  Marine  
  96  9:10  SCV, Marauder x2  
  96  9:14  Marine  
  85  9:21  Medivac x2  
  86  9:26  Refinery  
  86  9:27  Terran Infantry Armor Level 1  
  86  9:29  SCV  
  86  9:30  SCV  
  90  9:31  Marauder x2  
  90  9:38  Marine x2  
  93  9:41  SCV  
  93  9:42  Factory Reactor  
  93  9:43  SCV  
  96  9:47  Barracks Reactor, Barracks Tech Lab  
  95  9:53  SCV  
  95  9:54  Viking x2  
  95  9:55  SCV  
  101  10:04  Marine x2  
  101  10:05  Marauder x2  
  101  10:06  SCV  
  109  10:07  SCV  
  109  10:09  Orbital Command  
  109  10:15  Marauder  
  111  10:22  Starport  
  111  10:25  Viking x2  
  111  10:26  SCV x2  
  115  10:32  Marauder, Marine x2  
  119  10:36  Marauder x2  
  119  10:38  Marine x2  
  123  10:44  SCV x3  
  126  10:50  Supply Depot  
  126  10:51  Supply Depot  
  126  10:55  Viking  
  128  10:57  Viking  
  128  11:02  Viking  
  132  11:06  Viking  
  134  11:12  Marauder  
Show
View Real Time Build Order
Export as new Build Order

Dear Protoss 

Build Orders: 1 Gate Expand 

Get SALT Encoding   

  12  0:00  Probe (Chrono Boost)  
  13  0:11  Probe (Chrono Boost)  
  14  0:18  Pylon  
  14  0:21  Probe (Chrono Boost)  
  15  0:36  Probe (Chrono Boost)  
  15  0:37  Assimilator  
  15  0:40  Gateway  
  16  0:46  Probe (Chrono Boost)  
  18  0:57  Probe (Chrono Boost)  
  18  1:07  Probe (Chrono Boost)  
  19  1:17  Nexus  
  19  1:20  Probe (Chrono Boost)  
  20  1:30  Cybernetics Core  
  20  1:33  Probe (Chrono Boost)  
  20  1:39  Assimilator  
  22  1:49  Pylon, Zealot  
  25  2:10  Mothership Core (Chrono Boost)  
  25  2:11  Warp Gate  
  25  2:13  Stalker  
  26  2:30  Probe (Chrono Boost)  
  26  2:39  Stalker  
  28  2:46  Probe (Chrono Boost)  
  29  2:51  Gateway  
  29  2:53  Gateway  
  30  2:59  Probe (Chrono Boost)  
  30  3:08  Pylon, Stalker  
  32  3:25  Robotics Facility  
  32  3:39  Stalker  
  32  3:43  Stalker  
  32  3:48  Stalker  
  36  4:00  Probe x2 (Chrono Boost)  
  38  4:08  Warp Prism  
  38  4:11  Probe (Chrono Boost)  
  38  4:12  Probe (Chrono Boost)  
  42  4:22  Probe (Chrono Boost)  
  44  4:24  Probe (Chrono Boost)  
  42  4:37  Stalker x2  
  46  4:39  Stalker  
  46  4:42  Probe (Chrono Boost)  
  46  4:43  Observer  
  46  4:45  Probe (Chrono Boost)  
  48  4:51  Pylon  
  49  4:56  Pylon  
  49  5:03  Pylon  
  49  5:04  Probe x2 (Chrono Boost)  
  51  5:14  Probe (Chrono Boost)  
  51  5:15  Probe (Chrono Boost)  
  53  5:25  Probe x2 (Chrono Boost)  
  53  5:29  Twilight Council  
  54  5:35  Probe (Chrono Boost)  
  54  5:36  Probe (Chrono Boost)  
  54  5:41  Immortal  
  59  5:46  Probe x2 (Chrono Boost)  
  61  5:52  Stalker x3  
  61  5:54  Blink  
  68  5:57  Probe x2 (Chrono Boost)  
  68  6:00  Assimilator  
  68  6:02  Assimilator  
  68  6:07  Probe (Chrono Boost)  
  68  6:09  Probe (Chrono Boost)  
  70  6:21  Probe (Chrono Boost)  
  68  6:35  Robotics Bay  
  66  6:47  Pylon  
  66  6:50  Observer  
  67  6:54  Probe x2 (Chrono Boost)  
  67  7:02  Nexus  
  67  7:07  Pylon  
  67  7:12  Stalker x3  
  67  7:14  Colossus  
  73  7:20  Probe x2 (Chrono Boost)  
  75  7:31  Gateway  
  75  7:32  Gateway  
  75  7:33  Gateway  
  74  7:37  Extended Thermal Lance  
  72  7:47  Probe (Chrono Boost)  
  73  7:51  Stalker x2  
  73  7:52  Stalker  
  73  7:53  Pylon  
  79  8:01  Nexus, Colossus  
  79  8:11  Pylon  
  87  8:14  Probe x2 (Chrono Boost)  
  87  8:19  Stalker x2  
  87  8:22  Stalker  
  86  8:38  Pylon  
  86  8:39  Stalker  
  86  8:40  Pylon, Stalker x2  
  89  8:47  Adept x2  
  89  8:48  Adept  
  95  8:55  Colossus  
  95  8:58  Pylon  
  85  9:10  Adept x3  
  73  9:18  Stalker  
  75  9:29  Nexus  
  75  9:34  Sentry x2  
  79  9:42  Colossus  
  79  9:51  Resonating Glaives  
  85  10:09  Adept x4  
  93  10:18  Stalker  
  93  10:19  Stalker  
  97  10:35  Probe x2 (Chrono Boost), Colossus  
  99  10:49  Stalker  
  101  10:50  Stalker  
  105  10:57  Probe x2 (Chrono Boost)  
  105  11:02  Adept  
  107  11:11  Stalker x2  
  109  11:23  Adept x4  
Tags
 
Add a new tag
Caveats
  • Supply blocks, unpowered buildings, or Contaminate may cause inaccurate times.
  • Supply counts are checked every 10 seconds.